 Dungeon Crawl Stone Soup version 0.16-a0-3178-g2c88c44 (webtiles) character file.

91 Johnny the Bolt Thrower (level 4, 1/34 HPs)
             Began as a Human Hunter on Dec 17, 2014.
             Quit the game on level 3 of the Dungeon.
             The game lasted 00:02:17 (1723 turns).

Johnny the Bolt Thrower (Human Hunter)              Turns: 1723, Time: 00:02:17

Health: 1/34       AC:  3    Str: 12    XL:     4   Next: 87%
Magic:  4/4        EV: 13    Int: 11    God:
Gold:   85         SH:  0    Dex: 19    Spells: 0 memorised, 3 levels left

rFire  . . .     SeeInvis .     p - +4 dagger
rCold  . . .     Clarity  .     d - +0 leather armour
rNeg   . . .     SustAb   .     (no shield)
rPois  .         Gourm    .     i - +0 hat
rElec  .         Spirit   .     (no cloak)
rCorr  .         Warding  .     (no gloves)
rMut   .         Stasis   .     (no boots)
MR     .....                    (no amulet)
Stlth  ++........               (no ring)
                                (no ring)

@: lethally poisoned, not resistant to hostile enchantments, unstealthy
A: agile 2, wild magic 1
a: no special abilities


You were on level 3 of the Dungeon.
You were not hungry.

You visited 1 branch of the dungeon, and saw 3 of its levels.

You collected 85 gold pieces.

Inventory:

Hand weapons
 a - a +0 short sword
 b - a +1 hand crossbow
 p - a +4 dagger (weapon)
Armour
 d - a +0 leather armour (worn)
 i - a +0 hat (worn)
Jewellery
 n - a cursed ring of teleportation {unknown}
Scrolls
 e - a scroll of noise {unknown}
 g - a scroll of amnesia {unknown}
 h - a scroll of blinking {unknown}
 o - a scroll of teleportation {unknown}
 q - a scroll of fear {unknown}
Potions
 j - a potion of mutation
 m - a potion of brilliance
Comestibles
 f - 6 bread rations


   Skills:
 + Level 2.6 Fighting
 * Level 4.9 Crossbows
 + Level 3.1 Dodging
 - Level 1.0 Stealth


You had 3 spell levels left.
You didn't know any spells.

Dungeon Overview and Level Annotations

Branches:
Dungeon (3/15)

Altars:


Innate Abilities, Weirdness & Mutations

You are very agile. (Dex +4)
Your spells are a little harder to cast, but a little more powerful.


Message History

Unknown command.
Drink which item? (? for menu, Esc to quit)
It was a potion of brilliance.
You feel clever all of a sudden.
* * * LOW HITPOINT WARNING * * *
You feel sick. The adder bites you.
* * * LOW HITPOINT WARNING * * *
The adder closely misses you.
Unknown command.
Drink which item? (? for menu, Esc to quit)
It was a potion of cancellation.
Your magical effects are unravelling.
You feel magically purged.
You feel a little less clever now.
* * * LOW HITPOINT WARNING * * *
You feel sick. The adder closely misses you.
Unknown command.
Read which item? (? for menu, Esc to quit)
Okay, then.
Are you sure you want to abandon this character and quit the game? (Confirm with "yes".)

....≈≈..##.#
.#....P....#
.#.........#######
>+...$............. .
#.........####### ##..#
#.........# ...8.#
..####....# #.....#
#####....######..8...#.
............SS@........
####.......O######..#.
#........# #........#
..#.......# #.#.###.#.#
#. #+#+# #.


You could see an ogre, an adder and a ball python.

Vanquished Creatures
  Ijyb (D:2)
  Terence (D:2)
  An adder (D:2)
  An adder zombie (D:3)
  2 giant geckos (D:1)
  A ball python (D:1)
  A giant cockroach (D:1)
  6 goblins
  4 hobgoblins
  8 kobolds
  4 bats
  7 jackals
  A quokka (D:3)
  6 rats
  A plant (D:3)
45 creatures vanquished.

Notes
Turn   | Place    | Note
--------------------------------------------------------------
     0 | D:1      | Johnny, the Human Hunter, began the quest for the Orb.
     0 | D:1      | Reached XP level 1. HP: 16/16 MP: 1/1
   118 | D:1      | Reached XP level 2. HP: 22/22 MP: 2/2
   489 | D:1      | Reached XP level 3. HP: 27/27 MP: 3/3
   780 | D:2      | Noticed Ijyb
   788 | D:2      | Killed Ijyb
   788 | D:2      | Reached XP level 4. HP: 25/34 MP: 4/4
  1206 | D:2      | Noticed Terence
  1212 | D:2      | Killed Terence
  1694 | D:3      | Noticed an ogre
  1720 | D:3      | Gained mutation: Your spells are a little harder to cast, but a little more powerful. [potion of mutation]
  1720 | D:3      | Gained mutation: You are agile. (Dex +2) [potion of mutation]
  1720 | D:3      | Gained mutation: You are very agile. (Dex +4) [potion of mutation]
  1722 | D:3      | HP: 1/34 [poisoned by an adder]
  1723 | D:3      | Quit the game

Action                   |  1- 3 |  4- 6 || total
-------------------------+-------+-------++-------
Melee: Dagger            |       |    50 ||    50
 Fire: Hand crossbow     |    60 |    40 ||   100
  Use: Potion            |       |     3 ||     3
  Eat: Meat ration       |       |     1 ||     1
